 Dungeon Crawl Stone Soup version 0.24-a0-499-g1074bba3cf (webtiles) character file.

Game seed: 49255254168199813

4915 Azzok the Thaumaturge (level 10, 0/87 HPs)
             Began as a Deep Elf Fire Elementalist on July 14, 2019.
             Was a Believer of Vehumet.
             Slain by an orc warrior
             ... wielding a +0 war axe
              (7 damage)
             ... on level 8 of the Dungeon.
             The game lasted 00:13:47 (10767 turns).

Azzok the Thaumaturge (Deep Elf Fire Elementalist) Turns: 10767, Time: 00:13:47

Health: 0/87       AC: 25    Str:  5    XL:     10   Next: 27%
Magic:  0/26       EV:  2    Int: 24    God:    Vehumet [**....]
Gold:   385        SH:  4    Dex: 15    Spells: 17/30 levels left

rFire    . . .     SeeInvis .   u - +2 short sword (venom)
rCold    . . .     Gourm    .   H - +0 buckler (curse)
rNeg     + + +     Faith    .   (armour currently unavailable)
rPois    +         Spirit   .   (helmet currently unavailable)
rElec    .         Reflect  .   (cloak currently unavailable)
rCorr    .         Harm     .   (gloves currently unavailable)
MR       +....     NoTele   +   (boots currently unavailable)
Stlth    +++.......             (no amulet)
HPRegen  0.24/turn              (no ring)
MPRegen  0.20/turn              I - ring of stealth

@: tree-form
A: no striking features
a: Renounce Religion


You were on level 8 of the Dungeon.
You worshipped Vehumet.
Vehumet was pleased with you.
You were not hungry.
You were a tree.
You visited 2 branches of the dungeon, and saw 10 of its levels.

You collected 404 gold pieces.
You spent 19 gold pieces at shops.

Inventory:

Hand Weapons
 u - a +2 short sword of venom (weapon)
Armour
 a - a +0 robe (melded)
 f - a +1 pair of boots (melded)
 w - a +0 cloak (melded)
 y - a +0 pair of gloves (melded)
 G - a +0 helmet (melded)
 H - a cursed +0 buckler (worn)
Jewellery
 I - a ring of stealth (right branch)
Wands
 r - a wand of iceblast (11)
Scrolls
 d - a scroll of random uselessness {unknown}
 i - a scroll of teleportation
 j - 2 scrolls of amnesia
 k - a scroll of enchant weapon
 m - a scroll of enchant armour
 n - a scroll of blinking {unknown}
 o - a scroll of immolation {unknown}
 p - 3 scrolls of remove curse
 v - a scroll of fog {unknown}
 z - a scroll of magic mapping {unknown}
Potions
 b - 2 potions of agility
 g - 3 potions of mutation {!q}
 q - 2 potions of might {unknown}
 s - 2 potions of brilliance {unknown}
 t - a potion of magic
 A - 2 potions of heal wounds {unknown}
 B - a potion of cancellation {unknown}
 C - 3 potions of curing
 D - 2 potions of haste {unknown}
Comestibles
 c - 13 rations


   Skills:
 + Level 4.4 Fighting
 - Level 2.4 Dodging
 - Level 2.4 Stealth
 + Level 2.3 Shields
 * Level 10.7 Spellcasting
 * Level 8.8 Conjurations
 * Level 9.3 Fire Magic


You had 17 spell levels left.
You knew the following spells:

 Your Spells              Type           Power        Failure   Level  Hunger
a - Flame Tongue          Conj/Fire      #####        1%          1    None
b - Conjure Flame         Conj/Fire      ######..     1%          3    None
c - Sticky Flame          Conj/Fire      ######..     1%          4    None
d - Fireball              Conj/Fire      ######....   4%          5    ####...

Your spell library contained the following spells:

 Spells                   Type           Power        Failure   Level  Hunger
 Magic Dart               Conj           ####         1%          1    None
 Throw Flame              Conj/Fire      ######       1%          2    None
 Inner Flame              Hex/Fire       #####...     2%          3    None
 Summon Small Mammal      Summ           ##..         6%          1    None
 Call Imp                 Summ           ##......     9%          2    None
 Call Canine Familiar     Summ           ##......     19%         3    None
 Summon Guardian Golem    Hex/Summ       ##......     19%         3    None
 Summon Ice Beast         Ice/Summ       ##......     52%         4    None
 Summon Lightning Spire   Summ/Air       ##......     52%         4    None


Dungeon Overview and Level Annotations

Branches:
Dungeon (9/15)             Temple (1/1) D:6            Lair (0/6) D:8
    Orc: D:9-12

Altars:
Ashenzari
Cheibriados
Dithmenos
Gozag
Hepliaklqana
Kikubaaqudgha
Makhleb
Okawaru
Qazlal
Ru
Sif Muna
Trog
Vehumet
Wu Jian
Xom
Yredelemnul
Zin

Shops:
D:7 [


Message History

* * * LOW MAGIC WARNING * * *
The orc warrior hits you but does no damage.
Casting: Flame Tongue (safe; 1% risk of failure)
Confirm with . or Enter, or press ? or * to list all spells.
Aiming: Flame Tongue (safe; 1% risk of failure)
Press: ? - help, Shift-Dir - straight line, f/p - orc warrior
Aim: an orc warrior, wielding a +0 war axe and wearing a +0 chain mail The flame tongue hits the orc warrior!
The orc warrior is moderately wounded.
* * * LOW MAGIC WARNING * * *
Casting: Flame Tongue (safe; 1% risk of failure)
Confirm with . or Enter, or press ? or * to list all spells.
Aiming: Flame Tongue (safe; 1% risk of failure)
Press: ? - help, Shift-Dir - straight line, f/p - orc warrior
Aim: an orc warrior, wielding a +0 war axe and wearing a +0 chain mail (moderately wounded)
The flame tongue hits the orc warrior.
The orc warrior is heavily wounded.
* * * LOW MAGIC WARNING * * *
The orc warrior hits you with a +0 war axe!
You die...

▒▒▒▒····▒ ▒▒·▒▒ ▒▒▒▒·▒
▒▒····▒▒·▒ ▒··▒ ▒▒·····
▒▒··▒▒▒▒▒·▒▒ ▒··▒ ▒▒······
▒··▒▒ ▒··▒▒ ▒·)▒ ▒·······
▒·▒▒▒▒▒▒▒▒··▒▒▒▒▒▒··▒
▒·····(·
▒···············)···▒
▒·······
▒▒▒▒▒▒▒▒▒▒▒··▒▒▒▒▒··▒
▒······· ▒▒···▒ ▒·▒▒
▒······· ▒▒▒♣▒▒▒··▒
▒▒······ ▒▒▒▒▒ ▒·o▒▒▒·▒
▒▒····· ▒···▒ ▒▒···▒·▒▒
▒▒▒▒·· ▒···▒ ▒▒▒·▒··▒ ▒···
▒···▒▒▒▒ ▒·▒▒·▒ ▒▒▒▒·▒·
▒······▒▒▒▒▒▒····▒▒▒▒··÷·▒·
▒··?▒▒·>··▒▒··········▒▒▒▒▒
▒▒▒▒▒▒▒▒▒····▒▒▒··▒▒▒▒▒▒ ▒
▒▒▒················▒▒ ▒


You could see an orc warrior.

Vanquished Creatures
  A centaur warrior (D:9)
  Grinder (D:4)
  A water moccasin (D:7)
  2 orc warriors
  3 sky beasts (D:7)
  2 ogres
  8 phantoms
  5 centaurs
  5 bullfrogs
  A big kobold (D:7)
  3 scorpions
  8 wights (D:7)
  3 howler monkeys
  3 crimson imps
  A bullfrog zombie (D:8)
  A centaur skeleton (D:7)
  6 orc priests
  4 hounds
  3 jellies
  Crazy Yiuf (D:4)
  4 iguanas
  4 orc wizards
  9 worker ants
  A hound skeleton (D:6)
  A worker ant zombie (D:5)
  3 gnolls (D:5)
  10 adders
  An adder skeleton (D:6)
  4 worms
  4 dart slugs
  2 leopard geckos
  29 orcs
  4 ball pythons
  4 giant cockroaches
  15 goblins
  7 hobgoblins
  4 kobolds
  3 quokkas
  4 bats
  5 frilled lizards
  2 quokka zombies
  8 rats
190 creatures vanquished.

Notes
Turn   | Place    | Note
-------+----------+-------------------------------------------
     0 | D:1      | Azzok the Deep Elf Fire Elementalist began the quest for
                  | the Orb.
     0 | D:1      | Reached XP level 1. HP: 10/10 MP: 6/6
   722 | D:1      | Reached XP level 2. HP: 15/15 MP: 4/8
  1351 | D:2      | Found a shattered altar of Ashenzari.
  1407 | D:2      | Reached XP level 3. HP: 20/20 MP: 7/10
  2027 | D:2      | Reached skill level 4 in Spellcasting
  2105 | D:2      | Reached XP level 4. HP: 17/24 MP: 1/12
  2499 | D:3      | Found a glowing silver altar of Zin.
  2506 | D:3      | Reached skill level 1 in Fighting
  3392 | D:4      | Noticed Grinder
  3399 | D:3      | Learned a level 3 spell: Conjure Flame
  3404 | D:3      | Learned a level 4 spell: Sticky Flame
  3409 | D:3      | Reached XP level 5. HP: 23/29 MP: 7/13
  3470 | D:4      | Paralysed by Grinder for 6 turns
  3478 | D:4      | Paralysed by Grinder for 4 turns
  3483 | D:4      | Killed Grinder
  3483 | D:4      | Reached skill level 5 in Spellcasting
  3483 | D:4      | Reached skill level 5 in Fire Magic
  3483 | D:4      | Reached XP level 6. HP: 17/34 MP: 0/16
  4030 | D:4      | Found Meoggol's Antique Armour Shoppe.
  4199 | D:4      | Reached skill level 6 in Spellcasting
  4199 | D:4      | Reached XP level 7. HP: 21/40 MP: 6/18
  4711 | D:4      | Found a runed translucent door.
  4711 | D:4      | Noticed Crazy Yiuf
  4825 | D:4      | Killed Crazy Yiuf
  4898 | D:5      | Entered Level 5 of the Dungeon
  4903 | D:5      | Reached skill level 5 in Conjurations
  5222 | D:5      | Reached skill level 7 in Spellcasting
  5317 | D:5      | Found a basalt altar of Yredelemnul.
  5439 | D:5      | Found a sacrificial altar of Ru.
  5446 | D:5      | Reached XP level 8. HP: 45/45 MP: 10/20
  5556 | D:5      | Found a shadowy altar of Dithmenos.
  6167 | D:6      | Found a bloodstained altar of Trog.
  6637 | D:6      | Found a staircase to the Ecumenical Temple.
  6721 | Temple   | Entered the Ecumenical Temple
  6734 | Temple   | Became a worshipper of Vehumet
  6892 | D:7      | Reached skill level 8 in Spellcasting
  7372 | D:7      | Reached XP level 9. HP: 51/51 MP: 6/23
  7663 | D:7      | Reached skill level 9 in Spellcasting
  7935 | D:7      | Found Fyck's Armour Emporium.
  7985 | D:7      | Bought a cursed +0 buckler for 19 gold pieces
  7991 | D:7      | Learned a level 5 spell: Fireball
  8512 | D:7      | Found a shimmering altar of Xom.
  8566 | D:7      | Reached skill level 1 in Shields
  8668 | D:7      | Reached * piety under Vehumet
  8668 | D:7      | Offered knowledge of Sandblast by Vehumet.
  9149 | D:7      | Reached skill level 10 in Spellcasting
  9824 | D:8      | Reached XP level 10. HP: 56/56 MP: 19/26
  9887 | D:8      | Found a burning altar of Makhleb.
  9930 | D:8      | Found a staircase to the Lair.
 10401 | D:8      | Found a stormy altar of Qazlal.
 10621 | D:9      | Offered knowledge of Magic Dart by Vehumet.
 10745 | D:9      | Reached ** piety under Vehumet
 10749 | D:9      | Noticed a centaur warrior
 10755 | D:9      | HP: 2/57 [centaur warrior/arrow (16)]
 10756 | D:9      | Killed a centaur warrior
 10767 | D:8      | Slain by an orc warrior

Levels and vault maps discovered:
D:1:      dpeg_arrival_oval, layout_basic
D:2:      layout_loops_ring, lemuel_crystal_altar, first_ration,
          chequers_serial_rivers_small_a, st_stairs_9, minmay_tromino_v7
D:3:      layout_rooms, nicolae_overflow_hidden_temple
D:4:      layout_basic, serial_shops, nicolae_shop_crystal,
          uniq_crazy_yiuf_cottage, uniq_grinder
D:5:      layout_basic, nicolae_ru_great_annihilating_truth, old_standard_altar,
          corexii_checkpoint_a, nicolae_dithmenos_through_a_glass_darkly
D:6:      layout_rooms, bloody_trog, minmay_temple_entry_wispy,
          grunt_decor_one_mirror, minmay_misc_feat_pillars, minmay_holes
D:7:      minmay_bubble_buster, layout_gridville, tgw_xom, serial_shops,
          nicolae_shop_waterfront, enter_bailey_3, grunt_ministairs_11
D:8:      layout_rooms, nicolae_overflow_crystal_walls,
          nicolae_qazlal_eye_of_the_storm, lair_entry_dummy
D:9:      layout_roguey, minmay_orc_entry_temple_small, serial_shops,
          shop_coins, nicolae_shop_crystal, shop, nicolae_shop_window_shopping,
          ebering_ghost_gozag
Temple:   zaba_magenta_temple

Skill      XL: |  1  2  3  4  5  6  7  8  9 10 |
---------------+-------------------------------+-----
Conjurations   | 2 3 4 5 6 8 |  8.8
Spellcasting   | 4 5 6 7 8 10 | 10.7
Fire Magic     | 4 5 6 7 9 |  9.3
Fighting       | 1 2 3 4 |  4.4
Shields        | 1 2 |  2.3
Dodging        | |  2.4
Stealth        | |  2.4

Action                   |  1- 3 |  4- 6 |  7- 9 | 10-12 || total
-------------------------+-------+-------+-------+-------++-------
Melee: Unarmed           |       |     2 |       |       ||     2
       Quarterstaff      |       |       |    46 |     1 ||    47
       Short sword       |       |       |       |     1 ||     1
 Cast: Flame Tongue      |    61 |    96 |   260 |    30 ||   447
       Sticky Flame      |       |     2 |    33 |     5 ||    40
       Conjure Flame     |       |       |     3 |       ||     3
       Fireball          |       |       |     8 |     6 ||    14
  Use: Scroll            |       |       |     6 |     7 ||    13
       Potion            |       |       |       |     1 ||     1
  Eat: Chunk             |     3 |     7 |    17 |     1 ||    28
       Ration            |       |       |     1 |     1 ||     2
Armor: Robe              |     3 |     9 |    28 |     8 ||    48
       Skin              |       |       |       |     2 ||     2
Dodge: Dodged            |    10 |    43 |   117 |    15 ||   185
Block: Buckler           |       |       |       |     1 ||     1

Table legend:
 A = Non-vault XP
 B = Vault XP
 C = Vault XP percentage of total XP
 D = Non-vault monster count
 E = Vault monster count
 F = Vault count percentage of total count
                 A         B        C        D         E       F
            +---------+---------+-------+---------+---------+-------
      Total |    5473 |    1549 |  22.1 |     157 |      33 |  17.4
            +---------+---------+-------+---------+---------+-------
        D:1 |      17 |       0 |   0.0 |       9 |       0 |   0.0
        D:2 |      43 |      39 |  47.6 |      21 |       5 |  19.2
        D:3 |     102 |       0 |   0.0 |      23 |       0 |   0.0
        D:4 |     558 |     311 |  35.8 |      17 |       2 |  10.5
        D:5 |     346 |      43 |  11.1 |      11 |       5 |  31.2
        D:6 |     618 |       0 |   0.0 |      17 |       0 |   0.0
        D:7 |    1610 |    1115 |  40.9 |      29 |      20 |  40.8
        D:8 |    1040 |       0 |   0.0 |      26 |       0 |   0.0
        D:9 |    1139 |      41 |   3.5 |       4 |       1 |  20.0
            +---------+---------+-------+---------+---------+-------
